 Dungeon Crawl Stone Soup version 0.24.0-35-gdb84b6a5db (webtiles) character file.

Game seed: 14770323046720712167, levelgen mode: deterministic

46 Flugslaktarn the Chopper (level 3, 0/33 HPs)
             Began as a Minotaur Monk on Nov 17, 2019.
             Succumbed to Crazy Yiuf's poison
             ... on level 2 of the Dungeon.
             The game lasted 00:00:44 (1102 turns).

Flugslaktarn the Chopper (Minotaur Monk)            Turns: 1102, Time: 00:00:45

Health: 0/33       AC:  8    Str: 16    XL:     3   Next: 44%
Magic:  2/2        EV:  7    Int:  7    God:
Gold:   73         SH:  0    Dex: 12    Spells: 2/2 levels left

rFire    . . .     SeeInvis .   a - +0 hand axe
rCold    . . .     Gourm    .   (no shield)
rNeg     . . .     Faith    .   g - +0 chain mail
rPois    .         Spirit   .   (helmet restricted)
rElec    .         Reflect  .   (no cloak)
rCorr    .         Harm     .   (no gloves)
MR       .....                  (no boots)
Stlth    ..........             (no amulet)
HPRegen  0.11/turn              (no ring)
MPRegen  0.08/turn              (no ring)

@: lethally poisoned (0 -> -6), hasted, lightly drained, very quick
A: retaliatory headbutt, horns 2
a: no special abilities


You were on level 2 of the Dungeon.
You were not hungry.

You visited 1 branch of the dungeon, and saw 2 of its levels.

You collected 73 gold pieces.

Inventory:

Hand Weapons
 a - a +0 hand axe (weapon)
Armour
 g - a +0 chain mail (worn)
   (You found it on level 1 of the Dungeon)
Scrolls
 i - 3 scrolls of identify {unknown}
 j - a scroll of teleportation {unknown}
 k - a scroll of fear {unknown}
 l - a scroll of random uselessness {unknown}
Potions
 b - a potion of curing
 c - a potion of heal wounds {unknown}
 d - a potion of brilliance {unknown}
 f - 2 potions of lignification {unknown}
Comestibles
 e - a ration


   Skills:
 + Level 4.1(3.9) Fighting
 * Level 4.6(4.4) Axes
 + Level 1.6(1.4) Armour
 - Level 3.2(3.0) Dodging
 - Level 1.5(1.3) Stealth


You had 2 spell levels left.
You didn't know any spells.
Your spell library was empty.

Dungeon Overview and Level Annotations

Branches:
Dungeon (2/15)

Altars:

Annotations:
D:2 Crazy Yiuf


Innate Abilities, Weirdness & Mutations

You reflexively headbutt those who attack you in melee.
You have a pair of horns on your head.


Message History

You closely miss Crazy Yiuf. Your headbutt misses Crazy Yiuf.
Crazy Yiuf is heavily wounded.
You hit the fungus. x2; Crazy Yiuf hits you but does no damage.
You hit Crazy Yiuf but do no damage.
Crazy Yiuf is heavily wounded.
You hit the fungus but do no damage. You hit the fungus.
Crazy Yiuf barely misses you.
You hit Crazy Yiuf. You headbutt Crazy Yiuf.
Crazy Yiuf is almost dead.
You hit the fungus but do no damage. You hit the fungus.
You closely miss Crazy Yiuf.
Crazy Yiuf is almost dead.
You completely miss the fungus. You hit the fungus.
Crazy Yiuf hits you with a +3 quarterstaff of chaos.
* * * LOW HITPOINT WARNING * * *
You are lethally poisoned!
You closely miss Crazy Yiuf.
Crazy Yiuf is almost dead.
You hit the fungus. x2
You die...

##...## #).)# ##.##
#)..# #######.# .).
........# #'#
÷######## ♣♣.♣ ...#
♣g♣♣ .#.# ♣♣)♣ .#.#
♣g♣♣ .#)# ♣♣@♣♣ .#.#
♣.PP♣♣ .#.# ♣P..P♣
.#.# #....# ...##
####+..+# ....#
#.##....#
.##.########.##...##
. #..........##.###
. ######........#


You could see Crazy Yiuf.

Vanquished Creatures
  A gnoll (D:1)
  A worm (D:2)
  2 dart slugs (D:1)
  2 leopard geckos
  3 bats (D:1)
  A giant cockroach (D:1)
  2 hobgoblins
  A quokka (D:2)
  A frilled lizard (D:2)
  3 goblins
  6 kobolds
  4 rats (D:1)
27 creatures vanquished.

Notes
Turn   | Place    | Note
-------+----------+-------------------------------------------
     0 | D:1      | Flugslaktarn the Minotaur Monk began the quest for the Orb.
     0 | D:1      | Reached XP level 1. HP: 19/19 MP: 0/0
   184 | D:1      | Reached XP level 2. HP: 27/27 MP: 1/1
   209 | D:1      | Reached skill level 1 in Armour
   498 | D:1      | Reached XP level 3. HP: 33/33 MP: 2/2
   993 | D:2      | Found a runed translucent door.
   994 | D:2      | Noticed Crazy Yiuf
  1101 | D:2      | HP: 1/33 [Crazy Yiuf/+3 quarterstaff of chaos (5)]
  1102 | D:2      | Succumbed to Crazy Yiuf's poison

Levels and vault maps discovered:
D:1:      erik_arrival_blinker_ship, layout_basic
D:2:      layout_loops_ring, ashenzari_conservatory_becter, first_ration,
          hangedman_decor_opposing, uniq_crazy_yiuf_cottage, uniq_jessica

Skill      XL: |  1  2 |
---------------+-------+-----
Axes           | 4 |  4.6
Armour         | 1 |  1.6
Fighting       | 4 |  4.1
Dodging        | |  3.2
Stealth        | |  1.5

Action                   || total
-------------------------++-------
Melee: Hand axe          ||    78
       Headbutt          ||    13
  Eat: Chunk             ||     1
Armor: Robe              ||     3
       Chain mail        ||    38
Dodge: Dodged            ||    26
